 Dungeon Crawl Stone Soup version 0.21-a0-529-g8c7b3f5 (webtiles) character file.

628 Gildeon the Vexing (level 7, -1/36 HPs)
             Began as a Deep Elf Conjurer on Dec 9, 2017.
             Slain by Prince Ribbit (15 damage)
             ... on level 5 of the Dungeon.
             The game lasted 00:38:21 (5277 turns).

Gildeon the Vexing (Deep Elf Conjurer)              Turns: 5277, Time: 00:38:21

Health: -1/36      AC:  4    Str:  6    XL:     7   Next: 23%
Magic:  9/16       EV: 13    Int: 21    God:
Gold:   32         SH:  0    Dex: 15    Spells: 2/16 levels left

rFire    . . .     SeeInvis .   z - +1 mace "Quedou" {vamp, Fragile MR++}
rCold    + . .     Gourm    .   (no shield)
rNeg     . . .     Faith    .   a - +1 robe
rPois    .         Spirit   .   (no helmet)
rElec    .         Reflect  .   (no cloak)
rCorr    .         Harm     .   (no gloves)
MR       ++...                  w - +0 pair of boots
Stlth    ++........             (no amulet)
HPRegen  0.12/turn              p - ring of protection from cold
MPRegen  0.15/turn              (no ring)

@: no status effects
A: no striking features
a: no special abilities


You were on level 5 of the Dungeon.
You were not hungry.

You visited 1 branch of the dungeon, and saw 5 of its levels.

You collected 232 gold pieces.
You spent 200 gold pieces at shops.

Inventory:

Hand Weapons
 z - the +1 mace "Quedou" (weapon) {vamp, Fragile MR++}
   (You bought it in a shop on level 5 of the Dungeon)

   It inflicts no extra harm, but heals its wielder when it wounds a living foe.
   It affects your resistance to hostile enchantments.
   It will be destroyed if unequipped.
Armour
 a - a +1 robe (worn)
 w - a +0 pair of boots (worn)
Jewellery
 p - a ring of protection from cold (left hand)
Wands
 c - a wand of iceblast (10)
 l - a wand of polymorph (5)
 y - a wand of flame (18)
Scrolls
 f - 5 scrolls of remove curse
 s - a scroll of fog
 t - a scroll of teleportation
 x - a scroll of blinking
Potions
 g - a potion of brilliance
 h - a potion of might
 i - 2 potions of curing {unknown}
 k - a potion of haste {unknown}
 n - 2 potions of agility {unknown}
 q - a potion of resistance {unknown}
 r - a potion of flight {unknown}
 u - a potion of cancellation {unknown}
 v - a potion of magic {unknown}
Books
 b - a book of Conjurations

   Spells                             Type                      Level
   a - Magic Dart                     Conjuration                  1
   b - Searing Ray                    Conjuration                  2
   c - Dazzling Spray                 Conjuration/Hexes            3
   d - Fulminant Prism                Conjuration/Hexes            4
   e - Force Lance                    Conjuration/Translocation    4
   f - Iskenderun's Mystic Blast      Conjuration                  4
 e - a book of Changes

   Spells                             Type                      Level
   a - Beastly Appendage              Transmutation                1
   b - Sticks to Snakes               Transmutation                2
   c - Spider Form                    Transmutation/Poison         3
   d - Ice Form                       Ice/Transmutation            4
   e - Blade Hands                    Transmutation                5
Comestibles
 d - 2 royal jellies
 j - 4 fruits
 m - a meat ration
 A - 4 chunks of flesh


   Skills:
 - Level 2.4 Dodging
 - Level 2.4 Stealth
 - Level 5.1 Spellcasting
 - Level 5.0 Conjurations
 - Level 6.1 Hexes
 - Level 5.0 Translocations


You had 2 spell levels left.
You knew the following spells:

 Your Spells              Type           Power        Failure   Level  Hunger
a - Magic Dart            Conj           ####         1%          1    None
b - Searing Ray           Conj           ####..       1%          2    None
c - Dazzling Spray        Conj/Hex       ####..       3%          3    ##.....
d - Iskenderun's Mystic   Conj           ####....     14%         4    ####...
e - Force Lance           Conj/Tloc      ####....     13%         4    ####...


Dungeon Overview and Level Annotations

Branches:
Dungeon (5/15)
 Temple: D:4-7

Altars:
Fedhas
Nemelex Xobeh
Xom

Shops:
D:5 (

Annotations:
D:3 Armakuni's ghost, amateur HuBe
D:5 Prince Ribbit


Message History

You don't know that spell.
Casting: Searing Ray
Confirm with . or Enter, or press ? or * to list all spells.
Aiming: Searing Ray
Press: ? - help, Shift-Dir - straight line, f/p - Prince Ribbit
Aim: Prince Ribbit (lightly wounded)
The searing ray hits Prince Ribbit.
Prince Ribbit is moderately wounded. (Press . to maintain the ray.) Prince Ribbit hits you.
The searing ray hits Prince Ribbit.
Prince Ribbit is heavily wounded.
Prince Ribbit hits you.
The searing ray hits Prince Ribbit.
Prince Ribbit is severely wounded.
Prince Ribbit blinks!
The giant cockroach closely misses you.
Prince Ribbit blinks!
You finish channeling your searing ray.
The giant cockroach barely misses you. Prince Ribbit hits you!
You die...

.......##....##.#
#.#
.......##.....#.#
#[#
#####+###...#.#.#
#.# #...#...###.#
.............#
..#######..#####
#.
<.......########
#
#######.F.......
.......@s......
######>########
.... ###.# #.#
#.# #. #.


You could see Prince Ribbit and a giant cockroach.

Vanquished Creatures
  Grinder (D:3)
  Eustachio (D:4)
  A centaur (D:5)
  A crimson imp (D:5)
  An iguana (D:4)
  Ijyb (D:3)
  A worker ant (D:4)
  2 adders
  A worm (D:2)
  2 dart slugs
  A leopard gecko (D:3)
  5 orcs (D:3)
  4 bats
  4 giant cockroaches
  6 goblins
  5 hobgoblins
  9 jackals
  5 kobolds
  4 quokkas (D:2)
  A ball python (D:1)
  5 frilled lizards
  7 rats
68 creatures vanquished.

Notes
Turn   | Place    | Note
-------+----------+-------------------------------------------
     0 | D:1      | Gildeon the Deep Elf Conjurer began the quest for the Orb.
     0 | D:1      | Reached XP level 1. HP: 10/10 MP: 6/6
   730 | D:1      | Reached XP level 2. HP: 15/15 MP: 6/9
   831 | D:1      | Learned a level 2 spell: Searing Ray
  1422 | D:2      | Reached skill level 5 in Spellcasting
  1422 | D:2      | Reached XP level 3. HP: 19/19 MP: 6/11
  1474 | D:2      | Learned a level 3 spell: Dazzling Spray
  2318 | D:3      | Noticed Armakuni's ghost (amateur HuBe)
  2430 | D:3      | Reached skill level 5 in Conjurations
  2548 | D:3      | Noticed Ijyb
  2558 | D:3      | Killed Ijyb
  2558 | D:3      | Reached skill level 2 in Hexes
  2558 | D:3      | Reached XP level 4. HP: 24/24 MP: 4/13
  2581 | D:3      | Learned a level 4 spell: Iskenderun's Mystic Blast
  2917 | D:3      | Found a shimmering altar of Xom.
  2974 | D:3      | Noticed Grinder
  2975 | D:3      | Paralysed by Grinder for 3 turns
  2983 | D:3      | Killed Grinder
  2983 | D:3      | Reached skill level 6 in Hexes
  2983 | D:3      | Reached XP level 5. HP: 3/28 MP: 7/14
  2983 | D:3      | Reached XP level 6. HP: 4/32 MP: 7/15
  3048 | D:3      | Learned a level 4 spell: Force Lance
  3587 | D:4      | Found a blossoming altar of Fedhas.
  3617 | D:4      | Noticed Eustachio
  3626 | D:4      | Killed Eustachio
  3844 | D:4      | Found a shimmering altar of Xom.
  4473 | D:5      | Entered Level 5 of the Dungeon
  4597 | D:5      | Reached XP level 7. HP: 36/36 MP: 9/16
  4640 | D:5      | Found a sparkling altar of Nemelex Xobeh.
  4667 | D:5      | Reached skill level 5 in Translocations
  5111 | D:5      | Got a jewelled dagger
  5119 | D:5      | Identified the +8 dagger of the Queen {antimagic, *Slow rPois Dex+6 SInv} (You found it on level 5 of the Dungeon)
  5205 | D:5      | Found Plog's Antique Weapon Shoppe.
  5212 | D:5      | Bought a pitted mace for 200 gold pieces
  5213 | D:5      | Identified the +1 mace "Quedou" {vamp, Fragile MR++} (You bought it in a shop on level 5 of the Dungeon)
  5270 | D:5      | Noticed Prince Ribbit
  5277 | D:5      | Slain by Prince Ribbit

Vault maps used:
D:1:      dpeg_chamrin_arrival_tetris
D:2:      minmay_door_path
D:3:      xom_teletrap_fun, uniq_ijyb, uniq_grinder
D:4:      kennysheep_mini_moat, first_bread, minmay_misc_feat_diagonals,
          fedhas_altar_3, uniq_eustachio
D:5:      lemuel_crystal_altar, serial_shops, shop, minivault_1,
          uniq_prince_ribbit1

Skill      XL: |  1  2  3  4  5  6  7 |
---------------+----------------------+-----
Spellcasting   | 4 5 |  5.1
Conjurations   | 5 |  5.0
Hexes          | 2 6 |  6.1
Translocations | 4 5 |  5.0
Dodging        | |  2.4
Stealth        | |  2.4

Action                   |  1- 3 |  4- 6 |  7- 9 || total
-------------------------+-------+-------+-------++-------
Melee: Mace              |     5 |       |       ||     5
 Cast: Magic Dart        |   104 |    35 |     5 ||   144
       Searing Ray       |     1 |     6 |     3 ||    10
  Use: Scroll            |     4 |     4 |       ||     8
  Eat: Chunk             |     5 |       |       ||     5
       Bread ration      |       |     2 |     1 ||     3
Armor: Robe              |     8 |       |       ||     8
Dodge: Dodged            |    48 |     8 |     4 ||    60

Table legend:
 A = Spawn XP
 B = Non-spawn XP
 C = Spawn XP percentage of total XP
 D = Spawn monster count
 E = Non-spawn monster count
 F = Spawn count percentage of total count
 G = Total turns spent on level
                    A         B        C        D         E        F      G
               +---------+---------+-------+---------+---------+-------+---------
         Total |       0 |     898 |   0.0 |       0 |      68 |   0.0 |  5277
               +---------+---------+-------+---------+---------+-------+---------
           D:1 |       0 |      29 |   0.0 |       0 |      18 |   0.0 |  1208
           D:2 |       0 |      52 |   0.0 |       0 |      21 |   0.0 |   935
           D:3 |       0 |     344 |   0.0 |       0 |      18 |   0.0 |  1391
           D:4 |       0 |     286 |   0.0 |       0 |       5 |   0.0 |   939
           D:5 |       0 |     187 |   0.0 |       0 |       6 |   0.0 |   804
               +---------+---------+-------+---------+---------+-------+---------
